Map: Void Thrashing

Players

raincamp

  • Race: Terran Terran
  • Spawn Location: 9:00

raincamp

  • Race: Zerg Zerg
  • League: Bronze
  • Spawn Location: 6:00

VOD

Have the link to the VOD?

Description

Time

  • Played on: Nov. 1, 2017, 12:06 p.m.
  • Length: 13:46
Show
View Real Time Build Order
Export as new Build Order

raincamp Terran 

Build Orders:  

Get SALT Encoding   

  11  0:46  Supply Depot  
Show
View Real Time Build Order
Export as new Build Order

raincamp Zerg 

Build Orders:  

Get SALT Encoding   

  12  0:04  Drone  
  13  0:12  Drone  
  14  0:26  Overlord  
  14  0:36  Extractor  
  14  0:37  Drone  
  14  0:42  Drone, Extractor  
  14  0:51  Drone  
  14  0:56  Drone  
  16  1:03  Drone  
  16  1:09  Drone  
  18  1:15  Drone  
  19  1:20  Drone  
  19  1:25  Drone  
  21  1:58  Roach Warren  
  21  1:59  Overlord  
  20  2:18  Roach  
  22  2:20  Lair  
  22  2:48  Drone  
  22  2:49  Drone  
  24  2:51  Roach  
  24  2:55  Spire  
  23  3:03  Evolution Chamber  
  22  3:13  Brutalisk  
  22  3:29  Mutalisk  
  24  3:33  Drone  
  24  3:34  Drone x2  
  24  3:39  Overlord  
  27  4:02  Mutalisk  
  27  4:09  Mutalisk x2  
  31  4:30  Leviathan  
  31  4:43  Mutalisk  
  31  5:11  Leviathan  
  31  5:23  Incubation Chamber  
  31  5:25  Overlord x2  
  31  5:26  Drone x3  
  31  5:27  Drone  
  31  5:28  Drone x2  
  37  5:31  Mutalisk  
  37  5:38  Bio-Mechanical Transfusion  
  37  5:59  Roach, Leviathan  
  39  6:00  Roach  
  39  6:06  Queen x2  
  45  6:36  Queen x2  
  45  6:57  Roach  
  49  7:19  Brutalisk  
  49  7:22  Overseer  
  49  8:12  Zerg Missile Weapons Level 1  
  49  8:13  Roach x2  
  49  8:15  Overlord  
  49  8:16  Overlord x4  
  53  8:20  Queen x2  
  57  8:50  Queen x2  
  57  9:00  Roach x2  
  57  9:09  Roach  
  65  9:20  Queen x2  
  65  9:31  Brutalisk  
  69  9:50  Queen  
  69  10:03  Queen  
  71  10:20  Queen  
  71  10:25  Roach x2  
  77  10:33  Queen  
  79  10:50  Queen  
  79  11:03  Queen  
  79  11:17  Roach x2  
  85  11:20  Queen  
  85  11:33  Queen  
Tags
 
Commander
AbathurRaynor
League
Bronze
Matchup
Co-op
Replay Pack
Co-op Speedrun
Add a new tag
Caveats
  • Supply blocks, unpowered buildings, or Contaminate may cause inaccurate times.
  • Supply counts are checked every 10 seconds.